 Dungeon Crawl Stone Soup version 0.32-a0-643-ga006e7742e (webtiles) character file.

Game seed: 13013547682613624337

452 growler the Charlatan (level 7, -8/54 HPs)
             Began as a Coglin Artificer on Mar 7, 2024.
             Was an Initiate of Wu Jian.
             Mangled by a gnoll
             ... wielding a +0 flail
             ... led by a gnoll sergeant
              (10 damage)
             ... on level 6 of the Dungeon.
             The game lasted 00:11:50 (2943 turns).

growler the Charlatan (Coglin Artificer)            Turns: 2943, Time: 00:11:51

Health: -8/54      AC:  4    Str: 14    XL:     7   Next: 5%
Magic:  7/7        EV: 11    Int: 10    God:    Wu Jian [......]
Gold:   243        SH:  0    Dex: 15    Spells: 6/6 levels left

rFire   . . .        n - +0 dagger (venom) {Kaya}
rCold   . . .        f - +0 dagger {Cihuaton}
rNeg    . . .        b - +0 leather armour
rPois   .            g - +0 helmet
rElec   .            (no cloak)
rCorr   .            (no gloves)
SInv    .            (no boots)
Will    .....        (amulet unavailable)
Stlth   +            (ring unavailable)
HPRegen 0.29/turn    (ring unavailable)
MPRegen 0.10/turn    (no gizmo)

%: no passive effects
@: revved
A: off-hand wielding, slow wielding, warmup strikes, no jewellery
a: Invent Gizmo, Renounce Religion


You were on level 6 of the Dungeon.
You worshipped Wu Jian.
Wu Jian was noncommittal.
You visited 2 branches of the dungeon, and saw 6 of its levels.

You collected 243 gold pieces.

Inventory:

Hand Weapons
 a - a +0 club {Francisco}
 f - a +0 dagger (offhand) {Cihuaton}
 n - a +0 dagger of venom (weapon) {Kaya}
Missiles
 s - a throwing net
 t - 2 atropa-tipped darts
Armour
 b - a +0 leather armour (worn)
 g - a +0 helmet (worn)
Wands
 c - a wand of flame (14) (quivered)
 d - a wand of charming (14)
Scrolls
 j - a scroll of blinking {unknown}
 k - a scroll of teleportation
 m - a scroll of enchant weapon {unknown}
 o - a scroll of noise {unknown}
 p - a scroll of fog
Potions
 h - a potion of haste {unknown}
 i - 2 potions of might
 l - 6 potions of curing {unknown}
 q - a potion of lignification
 r - a potion of invisibility


   Skills:
 + Level 4.3 Fighting
 + Level 3.0 Short Blades
 - Level 1.7 Armour
 - Level 0.8 Dodging
 - Level 0.7 Stealth
 + Level 6.8 Evocations


You had 6 spell levels left.
You didn't know any spells.
Your spell library contained the following spells:

 Spells                   Type           Power      Damage    Failure   Level
 Ensorcelled Hibernation  Hex/Ice        0%         N/A       56%         2
 Fugue of the Fallen      Necr           0%         N/A       80%         3
 Anguish                  Hex/Necr       0%         N/A       99%         4


Dungeon Overview and Level Annotations

Branches:
Dungeon (6/15)             Temple (1/1) D:6

Altars:
Ashenzari
Cheibriados
Dithmenos
Elyvilon
Fedhas
Makhleb
Okawaru
Qazlal
Ru
Sif Muna
Trog
Vehumet
Wu Jian
Xom
Yredelemnul
Zin

Shops:
D:1 (   D:3 *


Innate Abilities, Weirdness & Mutations

You can wield a second weapon in your off-hand.
It takes a long time for you to wield or remove held weapons.
Your first few attacks do less damage.
You cannot equip rings or amulets.


Message History

The gnoll hits you from afar with a +0 spear.
* * * LOW HITPOINT WARNING * * *
You kill the gnoll!
The Council accepts your kill. The gnoll attacks as it pursues you!
The gnoll hits you from afar with a +0 spear.
* * * LOW HITPOINT WARNING * * *
Aiming: Iceblast
Press: ? - help, Shift-Dir - straight line, f - gnoll
Aim: a gnoll, wielding a +0 spear The mass of ice explodes!
The iceblast engulfs the gnoll!!
You kill the gnoll!
The Council accepts your kill.
The iceblast engulfs the gnoll sergeant!!
The gnoll sergeant is severely wounded.
Aiming: Iceblast
Press: ? - help, Shift-Dir - straight line, f - gnoll sergeant
Aim: a gnoll sergeant, wielding a +2 spear of freezing and wearing a +0 scale mail (severely wounded)
The mass of ice explodes!
The iceblast engulfs the gnoll sergeant!
You kill the gnoll sergeant!
The Council accepts your kill.
The now-empty wand crumbles to dust.
You hear a shout!
You hear an angry hiss.
You hear a shout!
Your Short Blades skill increases to level 3!
You have reached level 7!
Your brain swirls with designs for a bismuth samoflange.
You just need some more time...
Aiming: Throw Flame
Press: ? - help, Shift-Dir - straight line, f - gnoll
Aim: a gnoll, wielding a +0 flail (77% to hit)
The puff of flame hits the gnoll.
The gnoll is lightly wounded.
You lunge at the gnoll, in a flurry of attacks.
You hit the gnoll but do no damage.
The gnoll is poisoned.
The gnoll is lightly wounded.
You barely miss the gnoll with your +0 dagger.
You closely miss the gnoll with your +0 dagger of venom.
The gnoll is lightly wounded.
You hit the gnoll with your +0 dagger. The gnoll hits you with a +0 flail!
You die...

...........# ....
.#.#...#..####.....
................#
##.........###
+..........'.#
##.........#.#
######.ggg....#.#
#.......#..####g#
##.######..# #@#
#).....#..# #.#
...###.#..####.#
....# #.#..##ß>ß#
g....# #.#..#....#
g....#
#.####....#...
...#.#
#.####........ ...
.# #.#............
#..............


You could see a gnoll (very poisoned).

Vanquished Creatures
  3 scorpions
  A gnoll sergeant (D:6)
  An orc priest (D:3)
  An iguana (D:6)
  2 adders
  6 gnolls
  A white imp (D:6)
  2 dart slugs
  6 orcs (D:3)
  A ball python (D:1)
  8 bats
  11 endoplasms
  4 giant cockroaches
  5 goblins
  4 hobgoblins
  3 kobolds
  2 quokkas (D:1)
  4 frilled lizards
65 creatures vanquished.

Vanquished Creatures (others)
  A gnoll (D:3)
1 creature vanquished.

Grand Total: 66 creatures vanquished

Notes
Turn   | Place    | Note
-------+----------+-------------------------------------------
     0 | D:1      | growler the Coglin Artificer began the quest for the Orb.
     0 | D:1      | Reached XP level 1. HP: 15/15 MP: 1/1
   214 | D:1      | Reached XP level 2. HP: 18/21 MP: 2/2
   599 | D:1      | Reached XP level 3. HP: 26/27 MP: 3/3
   744 | D:1      | Found Uwnazany's Weapon Shop.
  1057 | D:2      | Reached skill level 5 in Evocations
  1072 | D:2      | Noticed a scorpion
  1089 | D:2      | Killed a scorpion
  1090 | D:2      | Reached skill level 1 in Short Blades
  1090 | D:2      | Reached XP level 4. HP: 26/34 MP: 4/4
  1342 | D:2      | Reached XP level 5. HP: 36/41 MP: 5/5
  1613 | D:3      | Found Jusairph's Assorted Antiques.
  2206 | D:3      | Reached skill level 6 in Evocations
  2206 | D:3      | Reached XP level 6. HP: 46/47 MP: 6/6
  2615 | D:4      | You fall into a shaft and drop 2 floors!
  2625 | D:6      | Found a staircase to the Ecumenical Temple.
  2638 | Temple   | Entered the Ecumenical Temple
  2649 | Temple   | Became a worshipper of the Wu Jian Council
  2939 | D:6      | HP: 1/48 [gnoll/+0 spear[a gnoll sergeant] (6)]
  2942 | D:6      | Reached XP level 7. HP: 2/54 MP: 7/7
  2943 | D:6      | Mangled by a gnoll

Illustrated notes

Levels and vault maps discovered:
D:1:      heliophobic_arrival_henge, layout_basic, serial_shops, shop_fountains,
          serial_forest, infiniplex_forest_lined_2,
          infiniplex_forest_straight_4, infiniplex_forest_lined_3_way,
          infiniplex_forest_corner_1, infiniplex_forest_zigzag_1,
          infiniplex_forest_pool, infiniplex_forest_lined_ring,
          infiniplex_forest_clump_curved, infiniplex_forest_straight_2
D:2:      layout_rooms, palyth_stone_intersect
D:3:      layout_basic, serial_shops, nicolae_shop_tiny_glass,
          nicolae_grassy_gnolls
D:4:      layout_loops_ring, grunt_decor_arrowhead
D:6:      layout_basic, temple_statues
Temple:   lightli_temple_of_artemis

Skill      XL: |  1  2  3  4  5  6 |
---------------+-------------------+-----
Fighting       | 2 3 4 |  4.3
Evocations     | 5 6 |  6.8
Short Blades   | 1 2 3 |  3.0
Armour         | |  1.7
Dodging        | |  0.8
Stealth        | |  0.7

Action                     |  1- 3 |  4- 6 |  7- 9 || total
---------------------------+-------+-------+-------++-------
  Melee: Dagger            |    86 |   213 |     4 ||   303
         Club              |    66 |       |       ||    66
Ability: Lunge             |       |     3 |     1 ||     4
  Evoke: Wand              |       |     6 |     1 ||     7
    Use: Scroll            |       |     5 |       ||     5
   Stab: Sleeping          |     5 |     4 |       ||     9
 Armour: Leather armour    |    50 |    76 |     1 ||   127
  Dodge: Dodged            |    41 |    53 |       ||    94

Table legend: (Time is in decaauts)
 A = Elapsed time spent in this place.
 B = Non-inter-level travel time spent in this place.
 C = Inter-level travel time spent in this place.
 D = Time resting spent in this place.
 E = Time spent auto-exploring this place.
 F = Levels seen in this place.
 G = Mean time per level.
                   A        B        C        D        E       F      G
               +--------+--------+--------+--------+--------+-----+--------+
         Total |   2946 |   2888 |     58 |    329 |   1811 |   6 |  491.0 |
       Dungeon |   2927 |   2869 |     58 |    329 |   1811 |   5 |  585.4 |
        Temple |     19 |     19 |      0 |      0 |      0 |   1 |   19.0 |
               +--------+--------+--------+--------+--------+-----+--------+

Top non-repeatable levels by time:
     D:1: 1057 daAuts
     D:3: 879 daAuts
     D:2: 647 daAuts
     D:6: 305 daAuts
     D:4: 37 daAuts
  Temple: 19 daAuts
